 Dungeon Crawl Stone Soup version 0.30-a0-585-g93115170b9 (webtiles) character file.

Game seed: 9543705009891107696

571 themarg the Insei (level 7, -6/53 HPs)
             Began as a Gnoll Transmuter on Jan 1, 2023.
             Mangled by a gnoll
             ... wielding a +0 flail
             ... led by a gnoll bouda
              (12 damage)
             ... on level 5 of the Dungeon.
             The game lasted 00:06:10 (2585 turns).

themarg the Insei (Gnoll Transmuter)                Turns: 2585, Time: 00:06:10

Health: -6/53      AC:  2    Str:  9    XL:     7   Next: 34%
Magic:  14/15      EV: 22    Int: 21    God:
Gold:   139        SH:  0    Dex: 17    Spells: 11/17 levels left

rFire   . . .      SeeInvis .      - Unarmed
rCold   . . .      Faith    .    (shield currently unavailable)
rNeg    . . .      Spirit   .    (body armour currently unavailable)
rPois   x          Reflect  .    (helmet currently unavailable)
rElec   .          Harm     .    (cloak currently unavailable)
rCorr   .          Rampage  .    (gloves currently unavailable)
Will    .....                    (boots currently unavailable)
Stlth   ++                       (no amulet)
HPRegen 0.28/turn                d - ring of wizardry
MPRegen 0.14/turn                i - +6 ring of intelligence

@: about to teleport, spider-form (expiring), weakened
A: venomous fangs, tiny, (fangs 1), strong nose, distributed training
a: End Transformation


You were on level 5 of the Dungeon.
You were a venomous arachnid creature.
You visited 1 branch of the dungeon, and saw 5 of its levels.

You collected 139 gold pieces.

Inventory:

Hand Weapons
 g - a +0 dagger (melded)
 q - a +1 heavy mace
 w - a +0 dagger of freezing
Missiles
 c - 35 stones
 k - 6 poisoned darts
 r - 6 javelins
 y - 5 boomerangs
Armour
 a - a +0 robe (melded)
 m - a +1 buckler
Jewellery
 d - a ring of wizardry (left front leg)
 i - a +6 ring of intelligence (right front leg)
 n - a +4 ring of slaying
Scrolls
 f - a scroll of identify {unknown}
 h - 3 scrolls of enchant armour
 j - 2 scrolls of poison {unknown}
 o - 4 scrolls of teleportation
 s - a scroll of enchant weapon {unknown}
 u - a scroll of amnesia {unknown}
Potions
 b - 2 potions of lignification
 e - 2 potions of brilliance {unknown}
 l - a potion of cancellation {unknown}
 p - a potion of attraction {unknown}
 t - a potion of might {unknown}
 v - a potion of berserk rage {unknown}
 x - a potion of resistance {unknown}
 z - 2 potions of flight {unknown}
 A - 2 potions of heal wounds {unknown}


   Skills:
 + Level 3.6 Fighting
 + Level 2.5 Short Blades
 + Level 2.5 Long Blades
 + Level 2.5 Axes
 + Level 2.5 Maces & Flails
 + Level 2.5 Polearms
 + Level 2.5 Staves
 + Level 2.5 Ranged Weapons
 + Level 2.5 Throwing
 + Level 2.5 Armour
 + Level 5.2 Dodging
 + Level 2.5 Stealth
 + Level 2.5 Shields
 + Level 7.0 Unarmed Combat
 + Level 5.6 Spellcasting
 + Level 2.0 Conjurations
 + Level 2.0 Hexes
 + Level 2.0 Summonings
 + Level 2.0 Necromancy
 + Level 2.0 Translocations
 + Level 4.3 Transmutations
 + Level 2.0 Fire Magic
 + Level 2.0 Ice Magic
 + Level 2.0 Air Magic
 + Level 2.0 Earth Magic
 + Level 2.0 Poison Magic
 + Level 2.8 Invocations
 + Level 2.5 Evocations


You had 11 spell levels left.
You knew the following spells:

 Your Spells              Type           Power      Damage    Failure   Level
a - Beastly Appendage     Tmut           48%        N/A       2%          1
b - Wereblood             Tmut           24%        N/A       4%          2
c - Spider Form           Tmut/Pois      19%        N/A       9%          3

Your spell library contained the following spells:

 Spells                   Type           Power      Damage    Failure   Level
 Frozen Ramparts          Ice            28%        1d5       12%         3
 Ice Form                 Ice/Tmut       19%        N/A       21%         4
 Summon Ice Beast         Ice/Summ       14%        N/A       30%         4


Dungeon Overview and Level Annotations

Branches:
Dungeon (4/15)
 Temple: D:4-7

Altars:
Okawaru
Ru
Trog

Shops:
D:3 (


Innate Abilities, Weirdness & Mutations

You are a venomous arachnid creature.
You have poisonous fangs.
You are tiny and dextrous.
Your spellcasting is less reliable in this form.
Your armour is entirely melded.
You are incapable of wielding weapons or throwing items.
((You have very sharp teeth.))
Your uncanny sense of smell can sniff out nearby items.
Your experience applies equally to all skills.


Message History

You feel your attacks grow feeble. The gnoll bouda closely misses you.
The scorpion barely misses you.
You barely miss the scorpion. The gnoll misses you.
The gnoll closely misses you. The scorpion misses you.
The gnoll bouda mumbles some strange prayers to its god.
The gnoll bouda is healed somewhat.
You barely miss the scorpion. The gnoll misses you.
The scorpion completely misses you. The gnoll completely misses you.
The gnoll bouda hits you with a +0 club!
You hit the scorpion.
The scorpion is poisoned.
The scorpion is lightly wounded.
The scorpion misses you. The gnoll misses you. The gnoll closely misses you.
The gnoll bouda barely misses you.
You hit the scorpion but do no damage.
The scorpion looks as sick as possible!
The scorpion is lightly wounded.
Your transformation is almost over.
The scorpion barely misses you. The gnoll hits you with a +0 flail!
You hit the scorpion but do no damage.
The scorpion looks as sick as possible!
The scorpion is heavily wounded.
The gnoll hits you from afar with a +0 spear.
The gnoll bouda completely misses you. The scorpion misses you.
The gnoll barely misses you.
There are no items here.
You barely miss the gnoll bouda.
The gnoll bouda is severely wounded.
You kill the scorpion!
The gnoll bouda gazes fiercely through you!
You feel as though you will be weak longer.
The gnoll bouda hits you with a +0 club!
The gnoll hits you from afar with a +0 spear.
* * * LOW HITPOINT WARNING * * *
As you read the scroll of teleportation, it crumbles to dust.
You feel strangely unstable. The gnoll hits you with a +0 flail!
* * * LOW HITPOINT WARNING * * *
The gnoll misses you. The gnoll bouda closely misses you.
You hit the gnoll bouda but do no damage.
The gnoll bouda looks as sick as possible!
The gnoll bouda is almost dead.
The gnoll hits you with a +0 flail!
You die...

#... ## ##... ..
.##... ....#... #
.. ...## .. #.#.
g..##...
.##.#.###g..#..#
........gs)...###
.......n........ .#
..##..........##
...
#..†#..##..###...
.[##.#...##.......
∆ .....#.(........#
.........#.......#
....#..####...†...#
......# #.#.##.##..


You could see a necrophage, a gnoll bouda (extremely poisoned) and 2 gnolls.

Vanquished Creatures
  Grinder (D:3)
  2 scorpions (D:5)
  A hound (D:5)
  An orc priest (D:3)
  An iguana (D:4)
  8 gnolls
  3 adders
  3 dart slugs
  4 orcs (D:3)
  2 bats
  An endoplasm (D:3)
  3 giant cockroaches
  7 goblins
  6 hobgoblins
  2 jackals (D:4)
  3 quokkas
  3 ball pythons
  2 frilled lizards (D:1)
  6 kobolds
  8 rats
  A spectral kobold (D:1)
68 creatures vanquished.

Notes
Turn   | Place    | Note
-------+----------+-------------------------------------------
     0 | D:1      | themarg the Gnoll Transmuter began the quest for the Orb.
     0 | D:1      | Reached XP level 1. HP: 17/17 MP: 6/6
   118 | D:1      | Reached XP level 2. HP: 19/23 MP: 5/7
   123 | D:1      | Learned a level 2 spell: Wereblood
   367 | D:1      | Found a faded altar of an unknown god.
   501 | D:1      | Reached skill level 5 in Spellcasting
   501 | D:1      | Reached XP level 3. HP: 28/28 MP: 7/9
   507 | D:1      | Learned a level 3 spell: Spider Form
   712 | D:2      | Found a sacrificial altar of Ru.
   861 | D:2      | Reached skill level 1 in Invocations
   862 | D:2      | Reached skill level 1 in Short Blades
   862 | D:2      | Reached skill level 1 in Long Blades
   862 | D:2      | Reached skill level 1 in Axes
   862 | D:2      | Reached skill level 1 in Maces & Flails
   862 | D:2      | Reached skill level 1 in Polearms
   862 | D:2      | Reached skill level 1 in Staves
   862 | D:2      | Reached skill level 1 in Ranged Weapons
   862 | D:2      | Reached skill level 1 in Throwing
   862 | D:2      | Reached skill level 1 in Armour
   862 | D:2      | Reached skill level 1 in Stealth
   862 | D:2      | Reached skill level 1 in Shields
   862 | D:2      | Reached skill level 1 in Evocations
   865 | D:2      | Reached XP level 4. HP: 11/34 MP: 8/11
  1196 | D:2      | Reached skill level 1 in Conjurations
  1196 | D:2      | Reached skill level 1 in Hexes
  1196 | D:2      | Reached skill level 1 in Summonings
  1196 | D:2      | Reached skill level 1 in Necromancy
  1196 | D:2      | Reached skill level 1 in Translocations
  1196 | D:2      | Reached skill level 1 in Fire Magic
  1196 | D:2      | Reached skill level 1 in Ice Magic
  1196 | D:2      | Reached skill level 1 in Air Magic
  1196 | D:2      | Reached skill level 1 in Earth Magic
  1196 | D:2      | Reached skill level 1 in Poison Magic
  1338 | D:3      | Noticed Grinder
  1348 | D:3      | Killed Grinder
  1349 | D:3      | Reached skill level 5 in Dodging
  1349 | D:3      | Reached XP level 5. HP: 38/41 MP: 9/12
  1349 | D:3      | Reached XP level 6. HP: 44/47 MP: 10/14
  1767 | D:3      | Found an iron altar of Okawaru.
  1767 | D:3      | Found a bloodstained altar of Trog.
  1822 | D:3      | Found Xauphiky's Weapon Shoppe.
  2526 | D:4      | You fall into a shaft and drop 1 floor!
  2526 | D:5      | Entered Level 5 of the Dungeon
  2564 | D:5      | Reached skill level 7 in Unarmed Combat
  2564 | D:5      | Reached XP level 7. HP: 47/52 MP: 11/15
  2585 | D:5      | Mangled by a gnoll

Illustrated notes

Levels and vault maps discovered:
D:1:      dpeg_arrival_water_temple_mockup, layout_rooms,
          dreamdust_ecumenical_altar_drowned_temple
D:2:      layout_rooms, basic_altar
D:3:      layout_loops_ring, grunt_temple_overflow_bloody_war, serial_shops,
          nicolae_shop_trees, palyth_stone_intersect, serial_bayou_pond_e,
          uniq_grinder
D:4:      kennysheep_spiral_hall, layout_rooms, lemuel_coloured_pillars_altar,
          lemuel_crystal_altar, serial_co_window_serial, co_window_paths_a,
          co_window_of_opportunity_a, co_window_paths_b, co_window_paths_a,
          co_window_paths_b, co_window_corner_a, co_window_of_opportunity_a,
          co_window_unsneaky_path_a, co_window_corner_b, co_window_broadway_a,
          co_window_4corner_a, glass_columns_c, glass_columns_a
D:5:      layout_cave_pools

Skill      XL: |  1  2  3  4  5  6  7 |
---------------+----------------------+-----
Spellcasting   | 5 |  5.6
Invocations    | 1 2 |  2.8
Short Blades   | 1 2 |  2.5
Long Blades    | 1 2 |  2.5
Axes           | 1 2 |  2.5
Maces & Flails | 1 2 |  2.5
Polearms       | 1 2 |  2.5
Staves         | 1 2 |  2.5
Ranged Weapons | 1 2 |  2.5
Throwing       | 1 2 |  2.5
Armour         | 1 2 |  2.5
Stealth        | 1 2 |  2.5
Shields        | 1 2 |  2.5
Evocations     | 1 2 |  2.5
Conjurations   | 1 2 |  2.0
Hexes          | 1 2 |  2.0
Summonings     | 1 2 |  2.0
Necromancy     | 1 2 |  2.0
Translocations | 1 2 |  2.0
Fire Magic     | 1 2 |  2.0
Ice Magic      | 1 2 |  2.0
Air Magic      | 1 2 |  2.0
Earth Magic    | 1 2 |  2.0
Poison Magic   | 1 2 |  2.0
Fighting       | 3 |  3.6
Dodging        | 5 |  5.2
Transmutations | 4 |  4.3
Unarmed Combat | 7 |  7.0

Action                   |  1- 3 |  4- 6 |  7- 9 || total
-------------------------+-------+-------+-------++-------
Melee: Dagger            |    67 |       |       ||    67
       Unarmed           |    16 |    82 |    17 ||   115
       Kick              |    15 |       |       ||    15
       Bite              |     6 |       |       ||     6
       Punch             |     4 |       |       ||     4
       Headbutt          |     3 |       |       ||     3
 Cast: Beastly Appendage |    14 |       |       ||    14
       Spider Form       |     1 |    19 |       ||    20
  Use: Scroll            |       |     2 |     1 ||     3
 Stab: Sleeping          |     1 |     2 |       ||     3
Armor: Robe              |    17 |       |       ||    17
       Skin              |       |     3 |     1 ||     4
Dodge: Dodged            |    52 |    72 |    30 ||   154

Table legend: (Time is in decaauts)
 A = Elapsed time spent in this place.
 B = Non-inter-level travel time spent in this place.
 C = Inter-level travel time spent in this place.
 D = Time resting spent in this place.
 E = Time spent auto-exploring this place.
 F = Levels seen in this place.
 G = Mean time per level.
                   A        B        C        D        E       F      G
               +--------+--------+--------+--------+--------+-----+--------+
         Total |   2582 |   2533 |     49 |      0 |   2029 |   5 |  516.4 |
       Dungeon |   2582 |   2533 |     49 |      0 |   2029 |   5 |  516.4 |
               +--------+--------+--------+--------+--------+-----+--------+

Top non-repeatable levels by time:
     D:3: 896 daAuts
     D:1: 693 daAuts
     D:2: 648 daAuts
     D:4: 289 daAuts
     D:5: 55 daAuts
